 Dungeon Crawl Stone Soup version 0.30-a0-862-g1aabd4f9c5 (webtiles) character file.

Game seed: 15959419930091093184

5168 FexLirch the Slicer (level 10, -1/60 HPs)
             Began as a Kobold Brigand on Mar 9, 2023.
             Was an Initiate of Cheibriados.
             Slain by a basilisk (4 damage)
             ... while petrified by a basilisk
             ... on level 8 of the Dungeon.
             The game lasted 00:50:46 (10537 turns).

FexLirch the Slicer (Kobold Brigand)               Turns: 10537, Time: 00:50:46

Health: -1/60      AC:  6    Str:  9    XL:     10   Next: 90%
Magic:  11/11      EV:  3    Int: 15    God:    Cheibriados [......]
Gold:   737        SH:  0    Dex: 21    Spells: 9/9 levels left

rFire   + . .      SeeInvis .    e - +5 short sword
rCold   + . .      Faith    .    (no shield)
rNeg    + + +      Spirit   .    u - +0 leather armour
rPois   ∞          Reflect  +    E - +0 helmet
rElec   .          Rampage  .    c - +0 cloak
rCorr   .                        D - +0 pair of gloves
Will    .....                    (no boots)
Stlth   ++++++                   v - amulet of reflection
HPRegen 0.30/turn                K - ring of protection from fire
MPRegen 0.12/turn                R - ring of protection from cold

@: mighty, petrified, attractive, flying, studying Polearms, very slow
A: small, no large weapons, nightstalker 3
a: Renounce Religion


You were on level 8 of the Dungeon.
You worshipped Cheibriados.
Cheibriados was noncommittal.
You visited 2 branches of the dungeon, and saw 9 of its levels.
You also visited: Ossuary.

You collected 767 gold pieces.
You spent 30 gold pieces at shops.

Inventory:

Hand Weapons
 a - a +2 dagger
 e - a +5 short sword (weapon)
 n - a +0 rapier
 w - a +1 dagger of venom
Missiles
 d - 16 poisoned darts (quivered)
 i - 74 stones
 j - 3 curare-tipped darts
 H - 14 boomerangs
Armour
 c - a +0 cloak (worn)
 u - a +0 leather armour (worn)
 D - a +0 pair of gloves (worn)
 E - a +0 helmet (worn)
 P - a +0 kite shield
Jewellery
 b - an amulet of guardian spirit
 o - a ring of wizardry
 v - an amulet of reflection (around neck)
 J - a +6 ring of strength
 K - a ring of protection from fire (left hand)
 R - a ring of protection from cold (right hand)
Wands
 N - a wand of iceblast (4)
 Q - a wand of flame (11)
 T - a wand of polymorph (8)
Scrolls
 f - 2 scrolls of teleportation
 g - 2 scrolls of silence
 m - 2 scrolls of blinking
 p - 4 scrolls of amnesia
 t - a scroll of poison {unknown}
 x - a scroll of noise {unknown}
 z - 4 scrolls of fog
 B - a scroll of brand weapon {unknown}
 G - a scroll of enchant armour {unknown}
 L - a scroll of identify
 O - 3 scrolls of torment {unknown}
 S - a scroll of vulnerability {unknown}
 U - a scroll of magic mapping {unknown}
Potions
 h - 2 potions of lignification
 k - 3 potions of degeneration
 q - 3 potions of mutation
 r - a potion of might
 y - 2 potions of flight
 A - 2 potions of haste
 C - a potion of magic {unknown}
 F - a potion of berserk rage {unknown}
 I - a potion of ambrosia {unknown}
 M - a potion of attraction


   Skills:
 + Level 5.8 Fighting
 + Level 14.2 Short Blades
 - Level 2.1 Throwing
 + Level 6.0 Dodging
 + Level 12.3 Stealth
 + Level 2.2 Invocations


You had 9 spell levels left.
You didn't know any spells.
Your spell library contained the following spells:

 Spells                   Type           Power      Damage    Failure   Level
 Scorch                   Fire           0%         2d5       50%         2
 Stone Arrow              Conj/Erth      0%         3d7       75%         3
 Summon Guardian Golem    Hex/Summ       0%         N/A       75%         3
 Animate Armour           Summ/Erth      0%         N/A       98%         4
 Flame Wave               Conj/Fire      0%         2d4       98%         4
 Alistair's Intoxication  Tmut/Pois      0%         N/A       100%        5
 Borgnjor's Vile Clutch   Necr/Erth      0%         N/A       100%        5
 Eringya's Noxious Bog    Tmut/Pois      0%         N/A       100%        6
 Summon Cactus Giant      Summ           0%         N/A       100%        6
 Orb of Destruction       Conj           0%         9d5       100%        7
 Spellforged Servitor     Conj/Summ      0%         N/A       100%        7
 Lehudib's Crystal Spear  Conj/Erth      0%         10d2      100%        8


Dungeon Overview and Level Annotations

Branches:
Dungeon (8/15)             Temple (1/1) D:7            Lair (0/5) D:8
Ossuary (visited)

Altars:
Ashenzari
Cheibriados
Dithmenos
Fedhas
Gozag
Hepliaklqana
Kikubaaqudgha
Makhleb
Nemelex Xobeh
Okawaru
Ru
Trog
Uskayaw
Vehumet
Wu Jian
Zin

Shops:
D:2 ?   D:4 ((*

Annotations:
D:4 exclusion: door


Innate Abilities, Weirdness & Mutations

You are small and have problems with some larger weapons.
You are completely attuned to the shadows.


Message History

A basilisk comes into view.
You feel sick. The basilisk completely misses you.
You feel sick. The basilisk bites you.
Items here: )) / [.
You miss the basilisk.
You feel sick.
You bump into the rock wall.
The basilisk bites you.
You miss the basilisk.
You feel sick.
You are no longer poisoned.
The basilisk gazes at you. You resist with some effort.
You're too confused to move!
The basilisk misses you.
It was a potion of flight.
You feel very buoyant.
You fly up into the air.
The basilisk gazes at you.
You are slowing down.
It was a potion of attraction.
You feel attractive to monsters. The basilisk bites you!
* * * LOW HITPOINT WARNING * * *
Your limbs are stiffening.
You are too confused!
Unknown command.
Unknown command.
It was a potion of might.
You feel very mighty all of a sudden.
You feel less confused. The basilisk bites you!
* * * LOW HITPOINT WARNING * * *
The basilisk barely misses you.
You have turned to stone.
The basilisk gazes at you. You resist with some effort. The basilisk bites you.
* * * LOW HITPOINT WARNING * * *
The basilisk gazes at you. You resist with some effort. The basilisk bites you!
* * * LOW HITPOINT WARNING * * *
The basilisk bites you!
You die...

#.#.##...#.###.#+........
.. #.##..##.....'........
.. #. ##..#'######......
.. #. #....# #...... ..
#..### #...... ..
#...#######...... ..
#.#.........†... ## #.
##.....l...##
#....@.....###
####+####....# #.#...
#### #.###. ###...
##...#####.....
#..............#
.>.############## ###


You could see a basilisk.

Vanquished Creatures
  A gargoyle (D:8)
  Prince Ribbit (D:6)
  Sigmund (D:5)
  3 wyverns (D:8)
  A steam dragon (D:8)
  4 yaks
  Eustachio (D:4)
  A golden eye (D:8)
  Duvessa (D:7)
  A water moccasin (D:8)
  2 orc warriors
  2 sky beasts
  3 ogres
  A centaur (D:7)
  A kobold brigand (D:8)
  A phantom (D:6)
  2 bullfrogs (D:8)
  A gnoll sergeant (D:6)
  2 scorpions
  Dowan (D:7)
  8 wights
  5 killer bees
  A gnoll bouda (D:6)
  4 hounds
  A jelly (D:8)
  An orc priest (D:7)
  4 sleepcaps
  5 iguanas
  4 orc wizards
  8 mummies (Ossuary)
  Robin (D:2)
  15 gnolls
  9 adders
  2 shadow imps
  A white imp (D:7)
  An ufetubus (D:5)
  2 worms (D:2)
  8 dart slugs
  26 orcs
  6 ball pythons
  8 bats
  4 endoplasms
  5 giant cockroaches
  2 gnoll zombies (Ossuary)
  15 goblins
  13 hobgoblins
  6 jackals (D:3)
  4 quokkas
  4 frilled lizards
  A hobgoblin zombie (Ossuary)
  11 kobolds
  3 kobold zombies (Ossuary)
  2 orc zombies (Ossuary)
  7 rats
228 creatures vanquished.

Vanquished Creatures (others)
  A fungus (D:8)
  15 plants (D:8)
16 creatures vanquished.

Grand Total: 244 creatures vanquished

Notes
Turn   | Place    | Note
-------+----------+-------------------------------------------
     0 | D:1      | FexLirch the Kobold Brigand began the quest for the Orb.
     0 | D:1      | Reached XP level 1. HP: 12/12 MP: 1/1
    94 | D:1      | Reached skill level 3 in Short Blades
   104 | D:1      | Reached XP level 2. HP: 17/17 MP: 2/2
   404 | D:1      | Reached XP level 3. HP: 21/21 MP: 3/3
   441 | D:1      | Reached skill level 4 in Short Blades
   905 | D:2      | Found a faded altar of an unknown god.
   964 | D:2      | Noticed Robin
  1223 | D:2      | Found Tecziar's Magic Scroll Shoppe.
  1227 | D:2      | Bought a scroll of teleportation for 30 gold pieces
  1639 | D:2      | Reached XP level 4. HP: 26/26 MP: 4/4
  1758 | D:2      | Reached skill level 5 in Short Blades
  2312 | D:4      | Noticed a scorpion
  2379 | D:4      | Reached XP level 5. HP: 20/30 MP: 5/5
  2516 | D:4      | Reached skill level 6 in Short Blades
  2592 | D:4      | Noticed Eustachio
  2596 | D:4      | Killed Eustachio
  2597 | D:4      | Reached skill level 7 in Short Blades
  2597 | D:4      | Reached XP level 6. HP: 35/35 MP: 6/6
  2643 | D:4      | Found Ughyclum's Weapon Boutique.
  2974 | D:4      | Found Foaxim's Assorted Antiques.
  2997 | D:4      | Found a sand-covered staircase.
  3010 | Ossuary  | Entered an ossuary
  3235 | Ossuary  | Reached XP level 7. HP: 38/40 MP: 7/7
  3651 | Ossuary  | Reached skill level 8 in Short Blades
  3888 | D:4      | Found Guwkok's Weapon Shoppe.
  4016 | D:4      | Found a burning altar of Makhleb.
  4348 | D:5      | Entered Level 5 of the Dungeon
  4365 | D:5      | Noticed a yak
  4409 | D:5      | Noticed Sigmund
  4419 | D:5      | Killed Sigmund
  4420 | D:5      | Reached skill level 9 in Short Blades
  4420 | D:5      | Reached XP level 8. HP: 41/44 MP: 8/8
  4840 | D:5      | Found a shadowy altar of Dithmenos.
  4841 | D:5      | Found a hazy altar of Hepliaklqana.
  4841 | D:5      | Noticed a shadow
  4948 | D:5      | Noticed a two-headed ogre
  5727 | D:2      | Reached skill level 10 in Short Blades
  6093 | D:2      | Killed Robin
  6450 | D:5      | Killed a yak
  6615 | D:4      | Reached skill level 11 in Short Blades
  6669 | D:6      | Noticed Prince Ribbit
  6673 | D:6      | Killed Prince Ribbit
  6674 | D:6      | Reached skill level 10 in Stealth
  6674 | D:6      | Reached XP level 9. HP: 48/48 MP: 9/9
  7215 | D:6      | HP: 2/49 [orc warrior/+0 war axe (17)]
  7493 | D:6      | Reached skill level 12 in Short Blades
  8454 | D:7      | Noticed Duvessa
  8560 | D:7      | Noticed Dowan
  8730 | D:8      | Reached skill level 13 in Short Blades
  8730 | D:8      | Reached XP level 10. HP: 56/56 MP: 10/10
  9191 | D:7      | Found a staircase to the Ecumenical Temple.
  9256 | D:7      | Killed Duvessa
  9257 | D:7      | Reached skill level 5 in Fighting
  9257 | D:7      | Reached skill level 5 in Dodging
  9301 | D:7      | Killed Dowan
  9570 | Temple   | Entered the Ecumenical Temple
  9754 | Temple   | Became a worshipper of Cheibriados the Contemplative
  9772 | D:7      | Reached skill level 14 in Short Blades
  9878 | D:8      | Noticed a gargoyle
  9916 | D:8      | Killed a gargoyle
  9917 | D:8      | Reached skill level 1 in Invocations
 10091 | D:8      | Found a staircase to the Lair.
 10454 | D:8      | Found a bloodstained altar of Trog.
 10478 | D:8      | Noticed Joseph
 10482 | D:8      | Joseph changed into Joseph the golden eye
 10482 | D:8      | Noticed Joseph
 10504 | D:8      | Killed Joseph the golden eye
 10536 | D:8      | HP: 2/60 [basilisk (7)]
 10537 | D:8      | Slain by a basilisk

Illustrated notes

Levels and vault maps discovered:
D:1:      sevenhm_arrival_forest_fort_small_4, layout_loops_cross
D:2:      minmay_razor_zed, layout_basic,
          hellmonk_ecumenical_altar_pennies_from_heaven, serial_shops, shop,
          uniq_robin
D:3:      layout_rooms, solitary_fountain, serial_park_tiny_pond,
          grunt_ministairs_15
D:4:      layout_basic, grunt_temple_overflow_champion_of_chaos,
          lightli_ossuary_entry_decrepit_ruins, serial_shops,
          nicolae_square_shop, nicolae_shop_bloodbath_and_beyond, shop,
          uniq_eustachio
D:5:      layout_basic, riverfiend_overflow_shadow_ancestor,
          small_statue_intersection, hangedman_abyss_or_decor_stabs,
          hangedman_glass_teeth, minmay_manual_macuahuitl, uniq_sigmund
D:6:      layout_rooms, uniq_prince_ribbit1
D:7:      layout_rooms, minmay_temple_entry_statues_fountains, uniq_duvessa
D:8:      layout_basic, mainiacjoe_overflow_catch_the_wave,
          minmay_lair_entry_grove, minmay_tree_intersection,
          minmay_misc_feat_encased, minivault_19, serial_park_tiny_pond,
          minmay_starry_boxes, uniq_joseph
Temple:   nicolae_temple_slightly_damp_pantheon

Skill      XL: |  1  2  3  4  5  6  7  8  9 10 |
---------------+-------------------------------+-----
Short Blades   | 3 4 5 7 9 11 13 14 | 14.2
Stealth        | 6 7 8 10 11 12 | 12.3
Dodging        | 4 6 |  6.0
Fighting       | 4 5 |  5.8
Invocations    | 2 |  2.2
Throwing       | |  2.1

Action                     |  1- 3 |  4- 6 |  7- 9 | 10-12 || total
---------------------------+-------+-------+-------+-------++-------
  Melee: Dagger            |    74 |   135 |   302 |    18 ||   529
         Rapier            |       |    55 |   232 |       ||   287
         Punch             |       |     2 |    13 |     4 ||    19
         Short sword       |       |       |    35 |   142 ||   177
         Unarmed           |       |       |       |    19 ||    19
  Throw: Dart              |       |    11 |    15 |     6 ||    32
         Boomerang         |       |       |     2 |       ||     2
  Evoke: Wand              |       |       |     2 |     8 ||    10
    Use: Scroll            |     1 |     6 |     5 |       ||    12
         Potion            |       |     2 |     4 |    11 ||    17
   Stab: Sleeping          |    27 |    11 |    25 |    11 ||    74
         Distracted        |       |       |     2 |     2 ||     4
 Armour: Robe              |     9 |    10 |       |       ||    19
         Leather armour    |       |     7 |    54 |    11 ||    72
         Skin              |       |       |       |    22 ||    22
  Dodge: Dodged            |    23 |    86 |   198 |    88 ||   395
  Block: Other             |       |    12 |    76 |    21 ||   109
         Reflection        |       |       |       |     1 ||     1

Table legend: (Time is in decaauts)
 A = Elapsed time spent in this place.
 B = Non-inter-level travel time spent in this place.
 C = Inter-level travel time spent in this place.
 D = Time resting spent in this place.
 E = Time spent auto-exploring this place.
 F = Levels seen in this place.
 G = Mean time per level.
                   A        B        C        D        E       F      G
               +--------+--------+--------+--------+--------+-----+--------+
         Total |  10282 |   9428 |    854 |   1574 |   4690 |  10 | 1028.2 |
       Dungeon |   9323 |   8481 |    842 |   1218 |   4523 |   8 | 1165.4 |
        Temple |    197 |    186 |     11 |      0 |    167 |   1 |  197.0 |
       Ossuary |    761 |    761 |      0 |    356 |      0 |   1 |  761.0 |
               +--------+--------+--------+--------+--------+-----+--------+

Top non-repeatable levels by time:
     D:2: 1544 daAuts
     D:6: 1493 daAuts
     D:4: 1329 daAuts
     D:5: 1170 daAuts
     D:7: 1055 daAuts
     D:8: 1007 daAuts
     D:1: 871 daAuts
     D:3: 851 daAuts
 Ossuary: 761 daAuts
  Temple: 197 daAuts
